 Dungeon Crawl Stone Soup version 0.22-a0-348-gd16d1391c7 (webtiles) character file.

80 Minion the Conjurer (level 4, -2/24 HPs)
             Began as a Deep Elf Conjurer on Apr 12, 2018.
             Killed by divine providence
             ... invoked by an orc priest
              (13 damage)
             ... on level 3 of the Dungeon.
             The game lasted 00:05:09 (2380 turns).

Minion the Conjurer (Deep Elf Conjurer)             Turns: 2380, Time: 00:05:09

Health: -2/24      AC:  2    Str:  5    XL:     4   Next: 18%
Magic:  1/12       EV: 13    Int: 21    God:
Gold:   140        SH:  0    Dex: 15    Spells: 4/12 levels left

rFire    . . .     SeeInvis .   (no weapon)
rCold    . . .     Gourm    .   (no shield)
rNeg     + . .     Faith    .   a - +0 robe
rPois    .         Spirit   .   (no helmet)
rElec    .         Reflect  .   (no cloak)
rCorr    .         Harm     .   (no gloves)
MR       .....                  (no boots)
Stlth    ++........             (no amulet)
HPRegen  0.08/turn              d - ring of positive energy
MPRegen  0.13/turn              (no ring)

@: no status effects
A: no striking features
a: no special abilities


You were on level 3 of the Dungeon.
You were not hungry.

You visited 1 branch of the dungeon, and saw 4 of its levels.

You collected 140 gold pieces.

Inventory:

Armour
 a - a +0 robe (worn)
Jewellery
 d - a ring of positive energy (left hand)
Scrolls
 e - 2 scrolls of enchant weapon {unknown}
 h - a scroll of remove curse {unknown}
 i - a scroll of immolation {unknown}
 j - a scroll of amnesia {unknown}
Potions
 f - a potion of berserk rage {unknown}
 g - a potion of curing {unknown}
 k - 2 potions of agility {unknown}
Comestibles
 c - 4 rations


   Skills:
 - Level 2.4 Dodging
 - Level 2.4 Stealth
 + Level 4.8 Spellcasting
 + Level 5.4 Conjurations


You had 4 spell levels left.
You knew the following spells:

 Your Spells              Type           Power        Failure   Level  Hunger
a - Magic Dart            Conj           ####         1%          1    None
b - Dazzling Spray        Conj/Hex       ###...       11%         3    ##.....
c - Iskenderun's Mystic   Conj           ####....     12%         4    ####...


Dungeon Overview and Level Annotations

Branches:
Dungeon (4/15)
 Temple: D:4-7

Altars:
Gozag
Nemelex Xobeh
Xom


Message History

Aiming: Iskenderun's Mystic Blast (safe; 12% risk of failure)
Press: ? - help, Shift-Dir - straight line, f/p - orc priest
Aim: an orc priest, wielding a club and wearing a leather armour (heavily wounded)
The orb of energy misses the orc priest.
Casting: Iskenderun's Mystic Blast (safe; 12% risk of failure)
Confirm with . or Enter, or press ? or * to list all spells.
Aiming: Iskenderun's Mystic Blast (safe; 12% risk of failure)
Press: ? - help, Shift-Dir - straight line, f/p - orc priest
Aim: an orc priest, wielding a club and wearing a leather armour (heavily wounded)
The orb of energy hits the orc priest.
The orc priest is heavily wounded.
The orc priest invokes the aid of Beogh against you.
You barely resist.
The orc priest invokes the aid of Beogh against you.
Beogh smites you!
There is an open door here.
The orc priest calls down the wrath of Beogh upon you.
Beogh smites you!
Ouch! That really hurt!
You die...

#.# #####.### ######>.###.# .†
##.#######.### #..# #.# o.
#............##### #..###.# ..
#..##..###....o..# ##......# .#
#...#..#####.###.# ##.....#####.#
..............##.###o......#.....
....#.######...#.##..............
..................'..............
......######...#@##..............
###.### ##.##.###.......#..... #
#.# ####.# ##.....##..... ...
###.#####...###..... #.. .#
#.....# ##'## ###### #..
###[#.#.# #.# #.# ###....(#.# #.#
#.# .......(#.# ##.## #.#
###.#..(..###...##


You could see an orc priest.

Vanquished Creatures
  2 adders (D:3)
  An ooze (D:3)
  2 worms (D:2)
  3 dart slugs
  A leopard gecko (D:2)
  2 orcs (D:3)
  3 giant cockroaches
  7 hobgoblins
  3 jackals (D:2)
  6 kobolds
  A quokka (D:2)
  6 bats
  4 frilled lizards
  A goblin (D:1)
  2 rats
44 creatures vanquished.

Notes
Turn   | Place    | Note
-------+----------+-------------------------------------------
     0 | D:1      | Minion the Deep Elf Conjurer began the quest for the Orb.
     0 | D:1      | Reached XP level 1. HP: 10/10 MP: 6/6
   212 | D:1      | Reached XP level 2. HP: 15/15 MP: 6/8
   771 | D:1      | Found a burning altar of Makhleb.
   773 | D:1      | Found an opulent altar of Gozag.
   773 | D:1      | Found a burning altar of Makhleb.
   775 | D:1      | Found a sacrificial altar of Ru.
   775 | D:1      | Found a shimmering altar of Xom.
   775 | D:1      | Found a sparkling altar of Nemelex Xobeh.
   982 | D:2      | Reached skill level 5 in Conjurations
  1064 | D:2      | Reached XP level 3. HP: 19/19 MP: 7/10
  2050 | D:3      | Reached XP level 4. HP: 24/24 MP: 8/12
  2083 | D:3      | Learned a level 3 spell: Dazzling Spray
  2088 | D:3      | Learned a level 4 spell: Iskenderun's Mystic Blast
  2380 | D:3      | Killed from afar by an orc priest

Vault maps used:
D:1:      dpeg_arrival_brainrot, doesnt_xom_only_xom
D:2:      first_ration, serial_forest, infiniplex_forest_3_way,
          infiniplex_forest_straight_3, infiniplex_forest_clump_medium,
          infiniplex_forest_zigzag_1, infiniplex_forest_lined_3_way
D:3:      minmay_misc_feat_tower, fedhas_altar_2
D:4:      minmay_mini_ossuary

Skill      XL: |  1  2 |
---------------+-------+-----
Spellcasting   | 4 |  4.8
Conjurations   | 5 |  5.4
Dodging        | |  2.4
Stealth        | |  2.4

Action                   |  1- 3 |  4- 6 || total
-------------------------+-------+-------++-------
 Cast: Magic Dart        |    82 |     3 ||    85
       Iskenderun's Myst |       |     8 ||     8
  Eat: Chunk             |     3 |       ||     3
       Ration            |       |     1 ||     1
Armor: Robe              |     1 |     1 ||     2
Dodge: Dodged            |     6 |     7 ||    13

Table legend:
 A = Spawn XP
 B = Non-spawn XP
 C = Spawn XP percentage of total XP
 D = Spawn monster count
 E = Non-spawn monster count
 F = Spawn count percentage of total count
 G = Total turns spent on level
                    A         B        C        D         E        F      G
               +---------+---------+-------+---------+---------+-------+---------
         Total |       0 |     115 |   0.0 |       0 |      44 |   0.0 |  2380
               +---------+---------+-------+---------+---------+-------+---------
           D:1 |       0 |      28 |   0.0 |       0 |      15 |   0.0 |   884
           D:2 |       0 |      42 |   0.0 |       0 |      20 |   0.0 |  1054
           D:3 |       0 |      45 |   0.0 |       0 |       9 |   0.0 |   301
               +---------+---------+-------+---------+---------+-------+---------
